 Dungeon Crawl Stone Soup version 0.27.1-34-g3ba077fa99 (webtiles) character file.

Game seed: 7296298867592271888

7088 zeram the Covert (level 11, -12/81 HPs)
             Began as a Gnoll Enchanter on Jan 16, 2022.
             Was an Initiate of Gozag.
             Mangled by Gastronok the shard shrike (55 damage)
             ... on level 9 of the Dungeon.
             The game lasted 00:37:23 (15426 turns).

zeram the Covert (Gnoll Enchanter)                 Turns: 15426, Time: 00:37:23

Health: -12/81     AC: 11    Str: 10    XL:     11   Next: 9%
Magic:  17/22      EV: 15    Int: 17    God:    Gozag
Gold:   261        SH: 10    Dex: 15    Spells: 8/25 levels left

rFire    . . .     SeeInvis .   u - +1 dagger (venom)
rCold    . . .     Faith    .   g - +0 buckler
rNeg     . . .     Spirit   .   b - +2 robe
rPois    +         Reflect  +   G - +1 helmet
rElec    .         Harm     .   m - +1 cloak {rCorr}
rCorr    +         Rampage  .   (no gloves)
Will     .....                  n - +1 pair of boots
Stlth    +++++.....             f - amulet of reflection
HPRegen  0.23/turn              h - ring of poison resistance
MPRegen  0.18/turn              (no ring)

@: spiked, studying Conjurations
A: fangs 1, strong nose, distributed training, thin skeletal structure 1, strong
1
a: Renounce Religion, Potion Petition, Call Merchant, Bribe Branch


You were on level 9 of the Dungeon.
You worshipped Gozag.
Gozag was aware of your devotion.
You visited 1 branch of the dungeon, and saw 9 of its levels.
You also visited: Sewer.

You collected 1199 gold pieces.
You spent 848 gold pieces at shops.
You paid 90 gold pieces to Gozag.

Inventory:

Hand Weapons
 a - a +2 dagger
 d - a +2 dagger of speed
 k - a +1 flail of holy wrath
 p - a +5 trident
 t - a +5 dire flail
 u - a +1 dagger of venom (weapon)
 w - a +1 vorpal spear
Missiles
 i - 2 throwing nets
 C - 31 poisoned darts (quivered)
Armour
 b - a +2 robe (worn)
 g - a +0 buckler (worn)
 m - a +1 cloak of preservation (worn)
 n - a +1 pair of boots (worn)
 G - a +1 helmet (worn)
Jewellery
 f - an amulet of reflection (around neck)
 h - a ring of poison resistance (left hand)
 l - a ring of ice
Wands
 o - a wand of polymorph (8)
 v - a wand of digging (5)
Scrolls
 c - 4 scrolls of magic mapping
 e - a scroll of vulnerability
 q - 4 scrolls of identify
 z - a scroll of fear
Potions
 j - a potion of flight
 r - a potion of magic
 s - a potion of brilliance
 x - a potion of attraction
 A - a potion of curing
 B - 2 potions of lignification
 D - 3 potions of heal wounds
 E - 2 potions of might
 F - a potion of ambrosia


   Skills:
 + Level 6.0 Fighting
 + Level 6.5 Short Blades
 + Level 6.0 Long Blades
 + Level 6.0 Axes
 + Level 6.0 Maces & Flails
 + Level 6.0 Polearms
 + Level 6.0 Staves
 + Level 6.0 Slings
 + Level 6.0 Bows
 + Level 6.0 Crossbows
 + Level 6.0 Throwing
 + Level 6.0 Armour
 + Level 7.6 Dodging
 + Level 8.5 Stealth
 + Level 6.0 Shields
 + Level 6.0 Unarmed Combat
 + Level 7.9 Spellcasting
 + Level 6.2 Conjurations
 + Level 7.4 Hexes
 + Level 4.9 Summonings
 + Level 4.9 Necromancy
 + Level 4.9 Translocations
 + Level 4.9 Transmutations
 + Level 4.9 Fire Magic
 + Level 4.9 Ice Magic
 + Level 4.9 Air Magic
 + Level 4.9 Earth Magic
 + Level 4.9 Poison Magic
 + Level 6.5 Invocations
 + Level 6.0 Evocations


You had 8 spell levels left.
You knew the following spells:

 Your Spells              Type           Power      Damage    Failure   Level
a - Cause Fear            Hex            16%        N/A       4%          4
b - Ensorcelled Hibernat  Hex/Ice        54%        N/A       1%          2
c - Tukima's Dance        Hex            32%        N/A       1%          3
d - Dazzling Flash        Conj/Hex       60%        N/A       1%          3
e - Poisonous Vapours     Pois/Air       46%        N/A       1%          2
f - Spider Form           Tmut/Pois      11%        N/A       4%          3

Your spell library contained the following spells:

 Spells                   Type           Power      Damage    Failure   Level
 Beastly Appendage        Tmut           46%        N/A       1%          1
 Corona                   Hex            35%        N/A       1%          1
 Sting                    Tmut/Pois      92%        1d7       1%          1
 Sublimation of Blood     Necr           11%        N/A       1%          2
 Wereblood                Tmut           23%        N/A       1%          2
 Confusing Touch          Hex            32%        N/A       1%          3
 Inner Flame              Hex/Fire       27%        N/A       2%          3
 Olgreb's Toxic Radiance  Pois           23%        N/A       14%         4
 Petrify                  Tmut/Erth      23%        N/A       14%         4
 Irradiate                Conj/Tmut      12%        3d18      30%         5
 Discord                  Hex            16%        N/A       100%        8


Dungeon Overview and Level Annotations

Branches:
Dungeon (9/15)             Temple (0/1) D:7            Lair (0/6) D:8
  Sewer (visited)
    Orc: D:9-12

Altars:
Elyvilon
Fedhas
Gozag
Hepliaklqana
Okawaru
Vehumet
Zin
The Shining One
Beogh

Shops:
D:2 (!?:

Annotations:
D:6 AbsoluteStateOfPlay's ghost, novice MiBe
D:9 Gastronok


Innate Abilities, Weirdness & Mutations

You have very sharp teeth.
Your uncanny sense of smell can sniff out nearby items.
Your experience applies equally to all skills.
You have a somewhat thin skeletal structure. (Dex +2, Stealth+)
Your muscles are strong. (Str +2)


Message History

Press: ? - help, Shift-Dir - straight line, f/p - manticore
Aim: a manticore (chance to affect: 38%) Gastronok is unaffected.
Gastronok barely misses you.
The manticore flicks its tail.
The volley of spikes reflects off an invisible shield around you!
The volley of spikes hits the manticore.
Okay, then.
Casting: Ensorcelled Hibernation (safe; 1% risk of failure)
Confirm with . or Enter, or press ? or * to list all spells.
Aiming: Poisonous Vapours (safe; 1% risk of failure)
Press: ? - help, Dir - move target, f/p - manticore
Aim: a manticore (lightly wounded, skewered by barbs) Poisonous vapours surround the manticore!
The manticore is poisoned.
Gastronok spits a shard of ice at you. The shard of ice hits you!!!
Ouch! That really hurt!
* * * LOW HITPOINT WARNING * * *
Gastronok closely misses you.
You feel much better. Gastronok closely misses you.
Blink to where?
Press: ? - help, Dir - move target, p - manticore
As you read the scroll of blinking, it crumbles to dust.
The manticore flicks its tail.
The volley of spikes hits you.
The barbed spikes become lodged in your body.
The barbs in your skin will harm you if you move.
Continue?
The barbed spikes dig painfully into your body as you move.
Casting: Poisonous Vapours (safe; 1% risk of failure)
Confirm with . or Enter, or press ? or * to list all spells.
You can't see any susceptible monsters within range! (Use Z to cast anyway.)
Press: ? - help, v - describe, . - travel, g - get item
Here: Gastronok the shard shrike
Items here: $ ))) [.
The floor.
You barely miss Gastronok. Your bite misses Gastronok. Gastronok claws you.
Gastronok freezes you!!!
Ouch! That really hurt!
You die...
Your body crumbles into a pile of gold.

#.....# ###.......#...
#.##### ..###..[[.#.###
#.# #. #.......##... #.#
#.#. #.....H..# #.# #. .##
#...bD.# #.# #.#..#
#......# #.#.#.###'##.#
###(##.#
#.#.#.#......#####$##.#
#.#.#.#......#..@b....####
#.#.#.#........###.#.....#
#.#.#.#.....#..# #.......+
..#.#.#.....#..# #$......#
###.#.#.....#..# #.......#
###.#.#.....##'#.........#
......###'###........#####
....#####.# #....#.#.#
........).# +......#.#


You could see Gastronok the shard shrike.

Vanquished Creatures
  A centaur warrior (D:9)
  An elephant (D:8)
  Joseph (D:8)
  A komodo dragon (D:7)
  A troll (D:9)
  A wyvern (D:7)
  The ghost of wrhowe the Skirmisher, an amateur MiBe of Trog (D:4)
  5 yaks (D:9)
  2 water moccasins
  2 ice beasts
  3 orc warriors
  4 black bears
  A sky beast (D:6)
  3 ogres
  4 centaurs
  A phantom (D:7)
  Blork the orc (D:5)
  7 bullfrogs
  A water moccasin skeleton (D:6)
  6 killer bees (D:9)
  4 wights
  2 howler monkeys (D:8)
  A centaur zombie (D:7)
  A jelly (D:7)
  2 orc priests
  A centaur skeleton (D:5)
  2 bullfrog skeletons (D:6)
  3 gnoll shamans
  3 hounds
  Crazy Yiuf (D:4)
  Ijyb (D:5)
  7 orc wizards
  A killer bee zombie (D:8)
  A howler monkey zombie (D:7)
  21 gnolls
  18 adders
  3 river rats (D:4)
  7 worms
  2 dart slugs
  31 orcs
  14 endoplasms
  11 giant cockroaches
  13 goblins
  13 hobgoblins
  4 jackals (D:1)
  13 kobolds
  12 quokkas
  27 ball pythons
  7 bats
  13 frilled lizards
  7 rats
293 creatures vanquished.

Vanquished Creatures (collateral kills)
  A centaur (D:6)
  5 wights
  2 gnolls
8 creatures vanquished.

Vanquished Creatures (others)
  A dancing weapon (D:8)
  A fungus (D:8)
  A plant (D:8)
3 creatures vanquished.

Grand Total: 304 creatures vanquished

Notes
Turn   | Place    | Note
-------+----------+-------------------------------------------
     0 | D:1      | zeram the Gnoll Enchanter began the quest for the Orb.
     0 | D:1      | Reached XP level 1. HP: 13/13 MP: 6/6
   352 | D:1      | Reached XP level 2. HP: 11/19 MP: 7/7
   376 | D:1      | HP: 1/28 [jackal (2)]
   898 | D:1      | Learned a level 2 spell: Ensorcelled Hibernation
  1363 | D:1      | Found a faded altar of an unknown god.
  1422 | D:1      | Reached XP level 3. HP: 4/25 MP: 1/9
  1431 | D:1      | Reached skill level 5 in Spellcasting
  1836 | D:1      | Gained mutation: You have a somewhat thin skeletal
                  | structure. (Dex +2, Stealth+) [potion of mutation]
  1836 | D:1      | Gained mutation: Your muscles are strong. (Str +2) [potion
                  | of mutation]
  1885 | D:2      | Reached skill level 6 in Stealth
  1905 | D:2      | Reached skill level 1 in Invocations
  2022 | D:2      | Found Woyrchiqo's Distillery.
  2069 | D:2      | Bought a potion of curing for 42 gold pieces
  2070 | D:2      | Found Fofisem's Weapon Shoppe.
  2108 | D:2      | Found Susis's Magic Scroll Emporium.
  2179 | D:2      | Found Coerghur's Book Shop.
  2798 | D:3      | Reached skill level 1 in Fighting
  2798 | D:3      | Reached skill level 1 in Long Blades
  2798 | D:3      | Reached skill level 1 in Axes
  2798 | D:3      | Reached skill level 1 in Maces & Flails
  2798 | D:3      | Reached skill level 1 in Polearms
  2798 | D:3      | Reached skill level 1 in Staves
  2798 | D:3      | Reached skill level 1 in Slings
  2798 | D:3      | Reached skill level 1 in Bows
  2798 | D:3      | Reached skill level 1 in Crossbows
  2798 | D:3      | Reached skill level 1 in Throwing
  2798 | D:3      | Reached skill level 1 in Armour
  2798 | D:3      | Reached skill level 1 in Shields
  2798 | D:3      | Reached skill level 1 in Unarmed Combat
  2798 | D:3      | Reached skill level 1 in Evocations
  2874 | D:3      | Reached XP level 4. HP: 32/32 MP: 11/11
  3182 | D:3      | Learned a level 3 spell: Tukima's Dance
  3186 | D:3      | Learned a level 3 spell: Dazzling Flash
  3189 | D:3      | Learned a level 2 spell: Poisonous Vapours
  3312 | D:3      | Found a hazy altar of Hepliaklqana.
  3396 | D:3      | Reached skill level 1 in Conjurations
  3396 | D:3      | Reached skill level 1 in Summonings
  3396 | D:3      | Reached skill level 1 in Necromancy
  3396 | D:3      | Reached skill level 1 in Translocations
  3396 | D:3      | Reached skill level 1 in Transmutations
  3396 | D:3      | Reached skill level 1 in Fire Magic
  3396 | D:3      | Reached skill level 1 in Ice Magic
  3396 | D:3      | Reached skill level 1 in Air Magic
  3396 | D:3      | Reached skill level 1 in Earth Magic
  3396 | D:3      | Reached skill level 1 in Poison Magic
  3698 | D:3      | Found a blossoming altar of Fedhas.
  4135 | D:3      | Reached XP level 5. HP: 37/37 MP: 12/12
  4725 | D:4      | Found a glowing drain.
  4733 | Sewer    | Entered a sewer
  5159 | Sewer    | Reached XP level 6. HP: 44/44 MP: 5/13
  5838 | Sewer    | Reached skill level 5 in Dodging
  6156 | Sewer    | Learned a level 3 spell: Spider Form
  6452 | D:4      | Reached XP level 7. HP: 50/50 MP: 15/15
  6749 | D:4      | Found a runed translucent gate.
  6749 | D:4      | Found a runed translucent gate.
  6749 | D:4      | Found a runed translucent gate.
  6751 | D:4      | Noticed wrhowe's ghost (amateur MiBe)
  6875 | D:4      | Found a runed translucent door.
  6876 | D:4      | Noticed Crazy Yiuf
  7045 | D:4      | Killed Crazy Yiuf
  7232 | D:4      | Killed wrhowe's ghost
  7622 | D:5      | Entered Level 5 of the Dungeon
  7626 | D:5      | Found a radiant altar of Vehumet.
  7630 | D:5      | Reached XP level 8. HP: 57/57 MP: 13/16
  8037 | D:5      | Found a glowing golden altar of the Shining One.
  8136 | D:5      | Noticed Ijyb
  8141 | D:5      | Killed Ijyb
  8303 | D:5      | Found an iron altar of Okawaru.
  8313 | D:5      | Reached skill level 7 in Stealth
  8413 | D:5      | Noticed Blork the orc
  8422 | D:5      | Killed Blork the orc
  8886 | D:6      | Found a runed translucent door.
  9027 | D:6      | Reached XP level 9. HP: 50/65 MP: 9/18
  9317 | D:6      | Found an opulent altar of Gozag.
  9326 | D:6      | Became a worshipper of Gozag Ym Sagoz the Greedy
  9580 | D:6      | Noticed AbsoluteStateOfPlay's ghost (novice MiBe)
  9610 | D:6      | Found a runed translucent door.
  9666 | D:6      | Reached skill level 5 in Short Blades
 10015 | D:2      | Bought a scroll of blinking for 97 gold pieces
 10015 | D:2      | Bought a scroll of fear for 45 gold pieces
 10068 | D:2      | Bought a potion of heal wounds for 70 gold pieces
 10286 | D:7      | Noticed a komodo dragon
 10304 | D:7      | Killed a komodo dragon
 10452 | D:6      | Learned a level 4 spell: Cause Fear
 10825 | D:7      | Found a white marble altar of Elyvilon.
 10850 | D:7      | Reached skill level 5 in Invocations
 11392 | D:7      | Found a staircase to the Ecumenical Temple.
 11495 | D:7      | Reached XP level 10. HP: 71/73 MP: 20/20
 11685 | D:8      | Found Zin's Purification Station.
 11689 | D:8      | Found a glowing silver altar of Zin.
 11694 | D:8      | Bought a potion of curing for 90 gold pieces
 11898 | D:8      | Noticed an elephant
 11902 | D:8      | Reached skill level 5 in Fighting
 11902 | D:8      | Reached skill level 5 in Long Blades
 11902 | D:8      | Reached skill level 5 in Axes
 11902 | D:8      | Reached skill level 5 in Maces & Flails
 11902 | D:8      | Reached skill level 5 in Polearms
 11902 | D:8      | Reached skill level 5 in Staves
 11902 | D:8      | Reached skill level 5 in Slings
 11902 | D:8      | Reached skill level 5 in Bows
 11902 | D:8      | Reached skill level 5 in Crossbows
 11902 | D:8      | Reached skill level 5 in Throwing
 11902 | D:8      | Reached skill level 5 in Armour
 11902 | D:8      | Reached skill level 5 in Shields
 11902 | D:8      | Reached skill level 5 in Unarmed Combat
 11902 | D:8      | Reached skill level 5 in Evocations
 11929 | D:8      | Killed an elephant
 11930 | D:8      | Reached skill level 5 in Conjurations
 12353 | D:8      | Reached skill level 8 in Stealth
 12378 | D:8      | Found a staircase to the Lair.
 13049 | D:8      | Noticed Joseph
 13071 | D:8      | Killed Joseph
 13927 | D:2      | Bought a potion of heal wounds for 70 gold pieces
 13927 | D:2      | Bought a potion of heal wounds for 70 gold pieces
 13927 | D:2      | Bought 2 potions of heal wounds for 140 gold pieces
 13927 | D:2      | Bought a potion of might for 56 gold pieces
 13927 | D:2      | Bought a potion of might for 56 gold pieces
 13927 | D:2      | Bought a potion of ambrosia for 112 gold pieces
 14394 | D:8      | Found the +7 pair of quick blades "Gyre" and "Gimble"
                  | {protect}
 14983 | D:9      | Noticed Gastronok
 15002 | D:9      | Noticed a centaur warrior
 15114 | D:9      | Identified the +7 quarterstaff "Nadwud" {spect, rF+ rC++
                  | rCorr Stlth-}
 15136 | D:9      | Killed a centaur warrior
 15137 | D:9      | Reached XP level 11. HP: 33/81 MP: 6/22
 15416 | D:9      | Noticed a manticore
 15420 | D:9      | Noticed Gastronok
 15420 | D:9      | Gastronok changed into Gastronok the shard shrike
 15426 | D:9      | Mangled by Gastronok the shard shrike

Illustrated notes

Levels and vault maps discovered:
D:1:      wheals_arrival_shading, layout_loops_corners,
          ebering_ecumenical_altar_abandoned
D:2:      layout_basic, serial_shops, shop,
          nicolae_shop_temple_entry_statues_fountains, shop,
          nicolae_shop_waterfront, minmay_pentomino_z2
D:3:      layout_loops_ring, mainiacjoe_overflow_brackets,
          mainiacjoe_overflow_surrounded_room, minmay_increasing_density
D:4:      layout_loops_ring, lightli_sewer_entry_pipes,
          biasface_ghost_orc_armoury, uniq_crazy_yiuf_cottage
D:5:      layout_loops_ring, mainiacjoe_overflow_paths,
          okawaru_ov_weapons_minmay, nicolae_vehumet_radiance,
          uniq_blork_the_orc, uniq_ijyb
D:6:      layout_loops_ring, mainiacjoe_overflow_boulevard,
          ebering_ghost_sewer_f, chequers_serial_rivers_micro_d,
          minmay_manual_mares
D:7:      layout_rooms, nicolae_elyvilon_peaceful_grove,
          minmay_temple_entry_statues_pillars
D:8:      corexii_shantytown, layout_basic, zin_purify, david_lair_generic,
          enter_ossuary_1, uniq_joseph
D:9:      minmay_bloctagon_deflated, layout_basic, nicolae_ashenzari_skybound,
          ploomutoo_gammafunk_ghost_potion_laboratory, minmay_checkerbox,
          uniq_gastronok

Skill      XL: |  1  2  3  4  5  6  7  8  9 10 11 |
---------------+----------------------------------+-----
Spellcasting   | 5 6 7 |  7.9
Stealth        | 6 7 8 |  8.5
Invocations    | 1 2 3 4 5 6 |  6.5
Fighting       | 1 2 3 4 5 6 |  6.0
Long Blades    | 1 2 3 4 5 6 |  6.0
Axes           | 1 2 3 4 5 6 |  6.0
Maces & Flails | 1 2 3 4 5 6 |  6.0
Polearms       | 1 2 3 4 5 6 |  6.0
Staves         | 1 2 3 4 5 6 |  6.0
Slings         | 1 2 3 4 5 6 |  6.0
Bows           | 1 2 3 4 5 6 |  6.0
Crossbows      | 1 2 3 4 5 6 |  6.0
Throwing       | 1 2 3 4 5 6 |  6.0
Armour         | 1 2 3 4 5 6 |  6.0
Shields        | 1 2 3 4 5 6 |  6.0
Unarmed Combat | 1 2 3 4 5 6 |  6.0
Evocations     | 1 2 3 4 5 6 |  6.0
Conjurations   | 1 2 3 4 6 |  6.2
Summonings     | 1 2 3 4 |  4.9
Necromancy     | 1 2 3 4 |  4.9
Translocations | 1 2 3 4 |  4.9
Transmutations | 1 2 3 4 |  4.9
Fire Magic     | 1 2 3 4 |  4.9
Ice Magic      | 1 2 3 4 |  4.9
Air Magic      | 1 2 3 4 |  4.9
Earth Magic    | 1 2 3 4 |  4.9
Poison Magic   | 1 2 3 4 |  4.9
Short Blades   | 3 4 5 6 |  6.5
Dodging        | 5 6 7 |  7.6
Hexes          | 6 7 |  7.4

Action                   |  1- 3 |  4- 6 |  7- 9 | 10-12 || total
-------------------------+-------+-------+-------+-------++-------
Melee: Dagger            |   134 |   242 |   413 |   254 ||  1043
       Bite              |     5 |    12 |    41 |    27 ||    85
       Flail             |       |       |     8 |       ||     8
 Cast: Ensorcelled Hiber |     8 |    98 |    75 |    75 ||   256
       Corona            |     2 |     1 |       |       ||     3
       Tukima's Dance    |       |       |     6 |     7 ||    13
       Poisonous Vapours |       |       |       |     1 ||     1
Evoke: Wand              |       |       |       |     1 ||     1
  Use: Potion            |     3 |     1 |     3 |     1 ||     8
       Scroll            |     4 |     7 |     9 |     2 ||    22
 Stab: Sleeping          |    20 |    65 |    54 |    51 ||   190
       Distracted        |       |     1 |       |     1 ||     2
       Held in net/web   |       |       |       |     1 ||     1
Armor: Robe              |    20 |    34 |    77 |    38 ||   169
       Skin              |    12 |       |       |       ||    12
Dodge: Dodged            |    59 |   175 |   155 |   101 ||   490
Block: Other             |       |    37 |     1 |       ||    38
       Buckler           |       |       |   171 |    90 ||   261
       Reflection        |       |       |    12 |     5 ||    17
